 Dungeon Crawl Stone Soup version 0.22.0-21-g8bd1b0a (webtiles) character file.

121 hairmachine the Chiller (level 5, -2/28 HPs)
             Began as a Kobold Ice Elementalist on Aug 19, 2018.
             Killed by divine providence
             ... invoked by an orc priest
              (11 damage)
             ... on level 3 of the Dungeon.
             The game lasted 00:18:31 (4035 turns).

hairmachine the Chiller (Kobold Ice Elementalist)   Turns: 4035, Time: 00:18:32

Health: -2/28      AC:  2    Str:  5    XL:     5   Next: 26%
Magic:  2/8        EV: 15    Int: 17    God:
Gold:   130        SH:  0    Dex: 16    Spells: 2/9 levels left

rFire    . . .     SeeInvis .   d - +0 dagger (curse)
rCold    . . .     Gourm    .   (shield restricted)
rNeg     . . .     Faith    .   a - +0 robe
rPois    .         Spirit   .   (no helmet)
rElec    .         Reflect  .   (no cloak)
rCorr    .         Harm     .   (no gloves)
MR       .....                  (no boots)
Stlth    ++........             (no amulet)
HPRegen  0.09/turn              (no ring)
MPRegen  0.11/turn              (no ring)

@: flying
A: small, claws 1, carnivore, deterioration 1
a: no special abilities


You were on level 3 of the Dungeon.
You were completely stuffed.

You visited 1 branch of the dungeon, and saw 3 of its levels.

You collected 130 gold pieces.

Inventory:

Hand Weapons
 d - a cursed +0 dagger (weapon)
Missiles
 h - 28 stones (quivered)
Armour
 a - a +0 robe (worn)
Jewellery
 e - an uncursed ring of see invisible {unknown}
 n - an uncursed ring of resist corrosion {unknown}
 u - an uncursed ring of protection from magic {unknown}
Wands
 t - a wand of flame (13)
Scrolls
 b - a scroll of fog {unknown}
 f - a scroll of fear {unknown}
 i - a scroll of magic mapping {unknown}
 k - a scroll of enchant armour {unknown}
 m - a scroll of immolation {unknown}
 o - 2 scrolls of amnesia {unknown}
 p - 4 scrolls of identify {unknown}
Potions
 q - a potion of heal wounds {unknown}
 s - a potion of magic {unknown}
Comestibles
 c - 7 rations
 r - 3 chunks of flesh


   Skills:
 - Level 2.4 Dodging
 - Level 2.6 Stealth
 + Level 2.6 Spellcasting
 - Level 1.0 Conjurations
 - Level 1.0 Charms
 * Level 5.1 Ice Magic


You had 2 spell levels left.
You knew the following spells:

 Your Spells              Type           Power        Failure   Level  Hunger
a - Freeze                Ice            ###.         2%          1    #......
b - Throw Frost           Conj/Ice       ##....       8%          2    ##.....
c - Ozocubu's Armour      Chrm/Ice       ##......     16%         3    ###....
d - Animate Skeleton      Necr           N/A          19%         1    #......

Your spell library contained the following spells:

 Spells                   Type           Power        Failure   Level  Hunger
 Apportation              Tloc           #.....       19%         1    #......
 Confusing Touch          Hex            #.....       19%         1    #......
 Summon Small Mammal      Summ           #...         19%         1    #......
 Throw Icicle             Conj/Ice       ##......     45%         4    #####..
 Summon Ice Beast         Ice/Summ       ##......     54%         4    #####..


Dungeon Overview and Level Annotations

Branches:
Dungeon (3/15)

Altars:


Innate Abilities, Weirdness & Mutations

You are small and have problems with some larger weapons.
You are carnivorous and can eat meat at any time.
You have sharp fingernails.
Your body sometimes deteriorates upon taking damage.


Message History

Aim: an orc (heavily wounded)
You freeze the orc.
The orc is severely wounded.
The orc barely misses you.
The orc priest invokes the aid of Beogh against you.
Beogh smites you!
* * * LOW HITPOINT WARNING * * *
It was a potion of mutation.
You feel extremely strange.
Your regeneration stops near monsters.
You feel yourself wasting away.
You begin to regenerate regardless of the presence of monsters.
Your fingernails lengthen.
The orc barely misses you.
It was a potion of flight.
You feel very buoyant.
You fly up into the air.
The orc hits you but does no damage.
The orc priest casts a cantrip, but nothing happens.
It was a potion of curing.
You feel better. The orc hits you.
The orc priest invokes the aid of Beogh against you.
Beogh smites you!
You die...

#######>........)...
#...Z...############
#.####### #.# #.# #
#.# . #.# . #.#####
. #..@oo# # #####o#
#.# #.##### #.o)oo#
#####.# . #(# ..(
#o###..o(.
#.o.oo.o..


You could see an orc priest and 2 orcs.

Vanquished Creatures
  3 adders
  An ooze (D:1)
  4 dart slugs
  3 worms (D:2)
  2 orcs (D:3)
  A ball python (D:1)
  8 bats
  2 giant cockroaches (D:1)
  14 goblins
  8 hobgoblins
  4 jackals
  3 kobolds
  A quokka (D:2)
  3 frilled lizards
  4 rats
61 creatures vanquished.

Vanquished Creatures (collateral kills)
  A dart slug (D:2)
  A goblin (D:2)
  A bat (D:2)
  A frilled lizard (D:2)
  2 rats (D:3)
6 creatures vanquished.

Grand Total: 67 creatures vanquished

Notes
Turn   | Place    | Note
-------+----------+-------------------------------------------
     0 | D:1      | hairmachine the Kobold Ice Elementalist began the quest for the Orb.
     0 | D:1      | Reached XP level 1. HP: 10/10 MP: 3/3
     2 | D:1      | Noticed a draconian
     2 | D:1      | Noticed an elf
     4 | D:1      | Noticed a ghoul
     4 | D:1      | Noticed a demigod
     6 | D:1      | Noticed a vampire
     6 | D:1      | Noticed a centaur
     8 | D:1      | Noticed a halfling
     8 | D:1      | Noticed a naga
    12 | D:1      | Noticed a gargoyle
    12 | D:1      | Noticed a vine stalker
    14 | D:1      | Noticed a minotaur
    14 | D:1      | Noticed an octopode
    16 | D:1      | Noticed a spriggan
    16 | D:1      | Noticed a merfolk
    18 | D:1      | Noticed a formicid
    20 | D:1      | Noticed an ogre
    20 | D:1      | Noticed a human
    26 | D:1      | Noticed a demonspawn
    26 | D:1      | Noticed a troll
    28 | D:1      | Noticed a tengu
    30 | D:1      | Noticed a felid
    30 | D:1      | Noticed a dwarf
   315 | D:1      | Reached XP level 2. HP: 11/15 MP: 3/5
   898 | D:1      | Reached skill level 4 in Ice Magic
   898 | D:1      | Reached XP level 3. HP: 19/19 MP: 4/6
   921 | D:1      | Learned a level 2 spell: Throw Frost
   925 | D:1      | Learned a level 3 spell: Ozocubu's Armour
  1820 | D:2      | Reached XP level 4. HP: 24/24 MP: 2/7
  2422 | D:2      | Learned a level 1 spell: Animate Skeleton
  2446 | D:2      | Reached skill level 1 in Charms
  3512 | D:3      | Reached XP level 5. HP: 28/28 MP: 8/8
  3654 | D:3      | Reached skill level 5 in Ice Magic
  4033 | D:3      | Gained mutation: You do not regenerate when monsters are visible. [potion of mutation]
  4033 | D:3      | Gained mutation: Your body sometimes deteriorates upon taking damage. [potion of mutation]
  4033 | D:3      | Lost mutation: You do not regenerate when monsters are visible. [potion of mutation]
  4033 | D:3      | Gained mutation: You have sharp fingernails. [potion of mutation]
  4035 | D:3      | Killed from afar by an orc priest

Skill      XL: |  1  2  3  4  5 |
---------------+----------------+-----
Ice Magic      | 4 5 |  5.1
Charms         | 1 |  1.0
Dodging        | |  2.4
Stealth        | |  2.6
Spellcasting   | |  2.6
Conjurations   | |  1.0

Action                   |  1- 3 |  4- 6 || total
-------------------------+-------+-------++-------
Melee: Dagger            |     7 |    20 ||    27
Throw: Stone             |     9 |    15 ||    24
 Cast: Freeze            |    30 |    45 ||    75
       Throw Frost       |     2 |    28 ||    30
       Animate Skeleton  |       |    16 ||    16
  Use: Potion            |       |     4 ||     4
 Stab: Sleeping          |     4 |     2 ||     6
  Eat: Chunk             |    11 |    10 ||    21
Armor: Robe              |     7 |     9 ||    16
Dodge: Dodged            |    16 |    57 ||    73
